 Dungeon Sprint DCSS version 0.31-a0-988-g08d55dae12 (webtiles) character file.

Game seed: 7190147830483747603

3759 Conn the Thaumaturge (level 10, -11/60 HPs)
             Began as an Octopode Fire Elementalist on Nov 4, 2023.
             Was a High Priest of Sif Muna.
             Killed from afar by a hell hog (23 damage)
             ... with a fireball
             ... in the Dungeon (Sprint II: "The Violet Keep of Menkaure").
             The game lasted 00:14:20 (1312 turns).

Conn the Thaumaturge (Octopode Fire Elementalist)   Turns: 1312, Time: 00:14:20

Health: -11/60     AC:  1    Str:  7    XL:     10   Next: 15%
Magic:  20/36      EV: 15    Int: 22    God:    Sif Muna [*****.]
Gold:   761        SH:  0    Dex: 16    Spells: 26/36 levels left

rFire   + . .        q - +1 falchion "Sarcophage" {heavy, Fly rF+ Dex+3}
rCold   . . .        (no shield)
rNeg    . . .        (helmet restricted)
rPois   +            (no amulet)
rElec   .            e - ring of poison resistance
rCorr   .            r - ring of wizardry
SInv    .            s - ring of magical power
Will    .....        (no ring)
Stlth   ++++         (no ring)
HPRegen 0.30/turn    (no ring)
MPRegen 0.25/turn    (no ring)
                     (no ring)

%: no teleportation, wizardry (x1)
@: flying
A: almost no armour, amphibious, 8 rings, camouflage 1, gelatinous body 1,
(nimble swimmer 1), tentacles, inability to drink after injury 1
a: Renounce Religion, Channel Magic, Forget Spell, Divine Exegesis


You were in the Dungeon.
You worshipped Sif Muna.
Sif Muna was extremely pleased with you.
You visited 1 branch You collected 1463 gold pieces.
You spent 702 gold pieces at shops.

Inventory:

Hand Weapons
 i - a +0 short sword
 q - the +1 falchion "Sarcophage" (weapon) {heavy, Fly rF+ Dex+3}
   (You bought it in a shop in the Dungeon)

   Dex+3:     It affects your dexterity (+3).
   rF+:       It protects you from fire.
   Fly:       It grants you flight.
Missiles
 o - 6 atropa-tipped darts
 p - 4 poisoned darts
Jewellery
 e - a ring of poison resistance (left tentacle)
 r - a ring of wizardry (right tentacle)
 s - a ring of magical power (on tentacle)
Scrolls
 f - 2 scrolls of blinking
 h - a scroll of torment
Potions
 a - 8 potions of magic
 b - 4 potions of curing
 c - 4 potions of heal wounds
 d - a potion of haste
 g - a potion of mutation
 j - a potion of might
 k - 2 potions of enlightenment
 l - a potion of brilliance {unknown}
 m - 2 potions of resistance


   Skills:
 * Level 1.6 Fighting
 + Level 4.9 Dodging
 - Level 5.0 Stealth
 - Level 1.0 Unarmed Combat
 + Level 13.7 Spellcasting
 * Level 8.6 Conjurations
 + Level 1.8 Hexes
 + Level 12.4 Fire Magic
 * Level 9.0 Invocations


You had 26 spell levels left.
You knew the following spells:

 Your Spells              Type           Power      Damage    Failure   Level
a - Foxfire               Conj/Fire      100%       2x1d9     1%          1
b - Scorch                Fire           100%       2d9       1%          2
c - Inner Flame           Hex/Fire       46%        N/A       1%          3
d - Flame Wave            Conj/Fire      57%        2d14      1%          4

Your spell library contained the following spells:

 Spells                   Type           Power      Damage    Failure   Level
 Volatile Blastmotes      Fire/Tloc      84%        2d17      1%          3


Dungeon Overview and Level Annotations

Branches:
Dungeon (1/1)

Altars:
Cheibriados
Dithmenos
Elyvilon
Fedhas
Gozag
Hepliaklqana
Kikubaaqudgha
Makhleb
Nemelex Xobeh
Okawaru
Qazlal
Ru
Sif Muna
Trog
Uskayaw
Vehumet
Wu Jian
Xom
Yredelemnul
Zin
The Shining One
Jiyva
Lugonu

Shops:
D =:=*?:[[!!?[(([

Annotations:
D exclusions: ice statue and oklob plant, Kirke


Innate Abilities, Weirdness & Mutations

You cannot wear most types of armour.
You are amphibious.
You can wear up to eight rings at the same time.
Your skin changes colour to match your surroundings (Stealth+).
Your rubbery body absorbs attacks. (AC +1, EV +1)
((You are camouflaged when in or above water. (Stealth+)))
You have tentacles for arms and can constrict up to eight enemies at once.
You occasionally lose the ability to drink potions when taking damage.


Message History

You conjure some foxfire!
The foxfire hits the hell hog.
The hell hog completely resists.
Unknown command.
Casting: Foxfire (safe; 1% risk of failure)
Confirm with . or Enter, or press ? or * to list all spells.
Aiming: Inner Flame (safe; 1% risk of failure)
Press: ? - help, Dir - move target, f - centaur warrior, p - skeletal warrior
Aim: a centaur warrior, wielding a +0 shortbow (chance to affect: 82%)
Okay, then.
Unknown command.
Casting: Inner Flame (safe; 1% risk of failure)
Confirm with . or Enter, or press ? or * to list all spells.
Okay, then.
Unknown command.
You aren't carrying any items that you can evoke.
Unknown command.
Unknown command.
Unknown command.
Unknown command.
Your foxfire dissipates!
The foxfire hits the hell hog.
The hell hog completely resists.
The skeletal warrior is engulfed in a cloud of scalding steam.
Flame seeps out of the skeletal warrior.
There is an open door here.
You reach down and close the door.
Unknown command.
Unknown command.
Unknown command.
Unknown command.
Unknown command.
Something unseen opens the door.
There is an open door here.
The hell hog breathes fire at you.
The fireball explodes!
The fireball engulfs you! You resist.
* * * LOW HITPOINT WARNING * * *
You reach down and close the door.
Something unseen opens the door.
The hell hog breathes fire at you.
The fireball explodes!
The fireball engulfs you!! You resist.
You die...

@..~## ≈§S≈§§# #.
##########~~#+++#''§## #
#########~~~...:...~.# #
∩.∩.....#~~~~.##§##..# #. .#
.∩......#~~~~##...##.#### +.##9#
..∩.∩...#c~~~#..#..#....# ..○##
...∩.∩..#z~####.#.####..## #.v##
....∩.⌠.#h##c###'###.##..# +.○#.
...∩.∩..#~#.h.##@##..##..# #.○#.
..∩.∩...'c'##h'.<.'.##+..####.○##
.∩.∩....#~#.####.##.#.#....###...
▓▓▓▓▓▓###~##.###'###.##..§...~††~
?lD######~~####.).####~~...§§~#'#
$.l#G. ##~~~#..#..#~~~~)~~..~#..
∩P$+$$# #'#~##...##~~~§~~~§.~#..
$$.#)##§##.#~~##+##~~~≈≈≈§~~~~#..
$$(###°§§####~~~~§~~~~~≈≈≈≈~~~#..


You could see a hell hog (catching breath).

Vanquished Creatures
  2 deep trolls (D)
  A merfolk siren (D)
  A yaktaur (D)
  A hornet (D)
  3 polar bears (D)
  4 neqoxecs (D)
  Menkaure (D)
  3 water moccasins (D)
  2 swamp drakes (D)
  4 necrophages (D)
  2 electric eels (D)
  A hell rat (D)
  3 worms (D)
28 creatures vanquished.

Vanquished Creatures (others)
  A water moccasin (D)
  76 foxfires (D)
  12 tentacles (D)
89 creatures vanquished.

Grand Total: 117 creatures vanquished

Notes
Turn   | Place    | Note
-------+----------+-------------------------------------------
     0 | D        | Conn the Octopode Fire Elementalist began the quest for the
                  | Orb.
     0 | D        | Reached XP level 1. HP: 11/11 MP: 3/3
    18 | D        | Reached XP level 2. HP: 13/17 MP: 1/5
    52 | D        | Found Isutuuje's Antique Armour Shop.
    52 | D        | Found Voptos's Distillery.
    52 | D        | Found Ezup's Distillery.
    52 | D        | Found Saryul's Armour Boutique.
    52 | D        | Found Mionn's Antique Weapon Boutique.
    52 | D        | Found Xume's Antique Armour Shop.
    52 | D        | Found Ruacoj Lemy's Magic Scroll Shop.
    53 | D        | Found Betealu's Antique Weapon Shop.
    53 | D        | Found Puodeun's Armour Boutique.
    53 | D        | Found Hagrytel's Book Boutique.
    53 | D        | Found Yguckeaz's Magic Scroll Shop.
    53 | D        | Noticed Menkaure
    53 | D        | Noticed a wyvern
    60 | D        | Noticed a wyvern
    61 | D        | Noticed an ice dragon
    66 | D        | Killed Menkaure
    67 | D        | Reached skill level 1 in Unarmed Combat
    67 | D        | Reached skill level 5 in Spellcasting
    67 | D        | Reached XP level 3. HP: 8/21 MP: 0/9
    67 | D        | Reached XP level 4. HP: 10/27 MP: 0/11
    67 | D        | Reached XP level 5. HP: 12/31 MP: 0/12
    75 | D        | Learned a level 2 spell: Scorch
    79 | D        | Learned a level 3 spell: Inner Flame
    84 | D        | Learned a level 4 spell: Flame Wave
    85 | D        | Found Fogag's Assorted Antiques.
    85 | D        | Found Cagoj's Jewellery Shop.
    85 | D        | Noticed a wyvern
    85 | D        | Noticed an oklob plant
    86 | D        | Found Tempiodgh's Jewellery Boutique.
    86 | D        | Found Pesuose's Book Shoppe.
    92 | D        | Killed a water moccasin
    97 | D        | Bought a ring of poison resistance for 200 gold pieces
   106 | D        | Noticed a flying skull
   107 | D        | Noticed a great orb of eyes
   107 | D        | Noticed a flying skull
   107 | D        | Noticed a flying skull
   110 | D        | Noticed a flying skull
   110 | D        | Noticed a flying skull
   150 | D        | Found an opulent altar of Gozag.
   151 | D        | Found a blossoming altar of Fedhas.
   152 | D        | Found a white marble altar of Elyvilon.
   153 | D        | Found a shadowy altar of Dithmenos.
   153 | D        | Found a corrupted altar of Lugonu.
   153 | D        | Found a burning altar of Makhleb.
   154 | D        | Found a snail-covered altar of Cheibriados.
   154 | D        | Found an ancient bone altar of Kikubaaqudgha.
   154 | D        | Found a bloodstained altar of Trog.
   155 | D        | Found a viscous altar of Jiyva.
   155 | D        | Found a shimmering blue altar of Sif Muna.
   156 | D        | Found a hazy altar of Hepliaklqana.
   156 | D        | Found a sacrificial altar of Ru.
   157 | D        | Found a shimmering altar of Xom.
   158 | D        | Found a stormy altar of Qazlal.
   158 | D        | Found an ornate altar of the Wu Jian Council.
   158 | D        | Found a sparkling altar of Nemelex Xobeh.
   158 | D        | Found a hide-covered altar of Uskayaw.
   158 | D        | Found a basalt altar of Yredelemnul.
   158 | D        | Found a glowing golden altar of the Shining One.
   159 | D        | Found a radiant altar of Vehumet.
   159 | D        | Found an iron altar of Okawaru.
   159 | D        | Found a glowing silver altar of Zin.
   162 | D        | Noticed a water moccasin
   163 | D        | Noticed a water moccasin
   165 | D        | Became a worshipper of Sif Muna the Loreminder
   178 | D        | Noticed a water moccasin
   179 | D        | Noticed a kraken
   193 | D        | Killed a water moccasin
   194 | D        | Reached skill level 5 in Stealth
   194 | D        | Reached skill level 6 in Spellcasting
   194 | D        | Reached XP level 6. HP: 20/36 MP: 4/15
   194 | D        | Killed a water moccasin
   195 | D        | Reached skill level 7 in Spellcasting
   195 | D        | Reached skill level 5 in Conjurations
   251 | D        | Killed a water moccasin
   251 | D        | Reached * piety under Sif Muna
   252 | D        | Reached skill level 8 in Spellcasting
   252 | D        | Reached XP level 7. HP: 36/42 MP: 4/18
   348 | D        | Noticed a deep troll
   348 | D        | Noticed a deep troll
   351 | D        | Noticed a flying skull
   352 | D        | Noticed a flying skull
   352 | D        | Noticed a flying skull
   352 | D        | Noticed a flying skull
   352 | D        | Noticed a flying skull
   352 | D        | Noticed a flying skull
   364 | D        | Killed a deep troll
   365 | D        | Reached skill level 1 in Fighting
   365 | D        | Reached skill level 9 in Spellcasting
   365 | D        | Reached XP level 8. HP: 48/48 MP: 5/21
   487 | D        | Killed a deep troll
   488 | D        | Reached skill level 11 in Spellcasting
   488 | D        | Reached skill level 10 in Fire Magic
   690 | D        | Noticed a yaktaur
   690 | D        | Noticed a hornet
   690 | D        | Noticed a polar bear
   691 | D        | Noticed a polar bear
   713 | D        | Killed a polar bear
   713 | D        | Reached ** piety under Sif Muna
   724 | D        | Reached XP level 9. HP: 53/53 MP: 9/24
   740 | D        | Bought a steaming falchion for 192 gold pieces
   740 | D        | Identified the +1 falchion "Sarcophage" {heavy, Fly rF+
                  | Dex+3} (You bought it in a shop in the Dungeon)
   778 | D        | Reached *** piety under Sif Muna
   852 | D        | Noticed a merfolk siren
   857 | D        | Killed a merfolk siren
   858 | D        | Reached skill level 12 in Spellcasting
   873 | D        | Gained mutation: You occasionally lose the ability to drink
                  | potions when taking damage. [a neqoxec]
   879 | D        | Reached **** piety under Sif Muna
   996 | D        | Bought a silver ring for 110 gold pieces
  1007 | D        | Bought a ring of magical power for 200 gold pieces
  1088 | D        | Killed a yaktaur
  1088 | D        | Killed a hornet
  1088 | D        | Reached ***** piety under Sif Muna
  1089 | D        | Reached skill level 13 in Spellcasting
  1089 | D        | Reached skill level 1 in Hexes
  1171 | D        | Killed a polar bear
  1172 | D        | Reached XP level 10. HP: 46/59 MP: 27/27
  1221 | D        | Noticed an ice statue
  1258 | D        | Noticed a crystal guardian
  1287 | D        | Identified the of Neaclea (Sif Muna gifted it to you in
                  | the Dungeon)
  1287 | D        | Received a gift from Sif Muna
  1291 | D        | Noticed Kirke
  1291 | D        | Noticed a kobold demonologist
  1291 | D        | Noticed a skeletal warrior
  1292 | D        | Noticed a centaur warrior
  1293 | D        | Noticed a hell hog
  1296 | D        | Noticed a hell hog
  1312 | D        | Killed from afar by a hell hog

Illustrated notes

Levels and vault maps discovered:
D:        the_violet_keep_of_menkaure [sprint2_stairs_cluster_1,
          sprint2_shoproom, sprint2_temple, sprint2_basic_supplies,
          sprint2_obstacle_5, sprint2_obstacle_2, sprint2_obstacle_7,
          sprint2_obstacle_1, sprint2_obstacle_3, sprint2_timed_cluster_1,
          sprint2_smallroom_cluster_1, sprint2_smallroom_final_cluster_1,
          sprint2_transparent_cluster_1, sprint2_second_timed_cluster_1,
          sprint2_sniper_area_1, sprint2_heavy_combat_area_1,
          sprint2_mutation_trap_area_1, sprint2_forest_area_1,
          sprint2_light_combat_area_1, sprint2_behind_water_1,
          sprint2_near_end_vault_1]

Skill      XL: |  1  2  3  4  5  6  7  8  9 10 |
---------------+-------------------------------+-----
Stealth        | 3 4 5 |  5.0
Fire Magic     | 4 6 7 8 9 10 12 | 12.4
Dodging        | 3 4 |  4.9
Unarmed Combat | 1 |  1.0
Spellcasting   | 5 6 8 9 11 13 | 13.7
Conjurations   | 3 4 5 6 7 8 |  8.6
Invocations    | 2 4 6 7 8 9 |  9.0
Fighting       | 1 |  1.6
Hexes          | 1 |  1.8

Action                     |  1- 3 |  4- 6 |  7- 9 | 10-12 || total
---------------------------+-------+-------+-------+-------++-------
  Melee: Unarmed           |    14 |       |       |       ||    14
         Constrict         |     5 |       |       |       ||     5
         Tentacles         |     2 |       |       |       ||     2
   Cast: Foxfire           |     9 |     1 |    28 |    11 ||    49
         Scorch            |       |     8 |    26 |     4 ||    38
         Inner Flame       |       |       |     6 |     6 ||    12
         Flame Wave        |       |       |     2 |       ||     2
    Use: Potion            |     1 |       |     2 |     1 ||     4
         Scroll            |       |       |     4 |     1 ||     5
 Armour: Skin              |     2 |     5 |     7 |     7 ||    21
  Dodge: Dodged            |     4 |     6 |    11 |     3 ||    24

Table legend: (Time is in decaauts)
 A = Elapsed time spent in this place.
 B = Non-inter-level travel time spent in this place.
 C = Inter-level travel time spent in this place.
 D = Time resting spent in this place.
 E = Time spent auto-exploring this place.
 F = Levels seen in this place.
 G = Mean time per level.
                   A        B        C        D        E       F      G
               +--------+--------+--------+--------+--------+-----+--------+
         Total |   1320 |   1320 |      0 |    486 |      0 |   1 | 1320.0 |
       Dungeon |   1320 |   1320 |      0 |    486 |      0 |   1 | 1320.0 |
               +--------+--------+--------+--------+--------+-----+--------+

Top non-repeatable levels by time:
       D: 1320 daAuts
